 Dungeon Crawl Stone Soup version 0.23-a0-577-g2b1de944cd (webtiles) character file.

890805 SupremeSnack the Ninja (level 27, -1/198 HPs)
             Began as a Demonspawn Gladiator on Dec 12, 2018.
             Was the Champion of Dithmenos.
             Slain by a lorocyproca (15 damage)
             ... in Pandemonium on Dec 15, 2018.
             The game lasted 06:44:34 (97573 turns).

SupremeSnack the Ninja (Demonspawn Gladiator)      Turns: 97573, Time: 06:44:34

Health: -1/198     AC: 55    Str: 27    XL:     27
Magic:  0/30       EV: 23    Int:  9    God:    Dithmenos [******]
Gold:   2375       SH: 18    Dex: 17    Spells: 40/40 levels left

rFire    + + +     SeeInvis .   J - +9 double sword (elec)
rCold    + + +     Gourm    .   C - +2 shield of Resistance {rF+ rC+ MR+}
rNeg     + . .     Faith    .   r - +11 crystal plate armour
rPois    +         Spirit   +   y - +2 hat {MR+}
rElec    +         Reflect  .   u - +1 cloak "Ubujec" {rC+}
rCorr    .         Harm     .   j - +2 pair of gloves {Str+3}
MR       +++++                  (boots unavailable)
Stlth    +++++.....             h - amulet of Riulilal {+Fly Regen+ Slay+3}
HPRegen  0.83/turn              U - +5 ring of evasion
MPRegen  0.44/turn              t - ring "Osuiridgh" {rElec rPois rC+ MR+++ Int-2}

@: wreathed by umbra
A: beak, horns 1, talons 3, molten scales 3, blurry vision 2, deterioration 1,
fire resistance 1, frail 1, ignite blood, low mp 1, negative energy resistance
1, 50% torment resistance, magic shield, magic regeneration, magic link, black
mark, flame cloud immunity, MP-powered wands
}: 4/15 runes: decaying, silver, demonic, gossamer
a: Shadow Step, Shadow Form, Renounce Religion, Evoke Flight


You were in Pandemonium.
You worshipped Dithmenos.
Dithmenos was exalted by your worship.
You were not hungry.

You visited 15 branches of the dungeon, and saw 55 of its levels.
You visited Pandemonium 3 times, and saw 5 of its levels.
You visited the Abyss 8 times.
You visited 1 bazaar.
You also visited: Bailey, Ice Cave and Wizlab.

You collected 11623 gold pieces.
You spent 9248 gold pieces at shops.

Inventory:

Hand Weapons
 J - a +9 double sword of electrocution (weapon)
 T - the +8 arc blade {discharge, rElec}
   (You took it off Nikola on level 3 of the Spider Nest)

   It insulates you from electricity.
Armour
 c - a +2 helmet of see invisible
 j - a +2 pair of gloves of strength (worn)
 r - a +11 crystal plate armour (worn)
 u - the +1 cloak "Ubujec" (worn) {rC+}
   (You found it in a wizard's laboratory)

   It protects you from cold.
 y - a +2 hat of magic resistance (worn)
 C - the +2 shield of Resistance (worn) {rF+ rC+ MR+}
   (You found it on level 5 of the Depths)

   It protects you from fire.
   It protects you from cold.
   It affects your resistance to hostile enchantments.
 R - the +0 large shield of Syndicalism {Slay+4}
   (You took it off a daeva in Pandemonium)

   It affects your accuracy and damage with ranged weapons and melee attacks
   (+4).
Jewellery
 h - the amulet of Riulilal (around neck) {+Fly Regen+ Slay+3}
   (You bought it in a shop on level 5 of the Depths)

   [amulet of regeneration]

   It affects your accuracy and damage with ranged weapons and melee attacks
   (+3).
   It lets you fly.
   It increases your rate of regeneration.
 t - the ring "Osuiridgh" (right hand) {rElec rPois rC+ MR+++ Int-2}
   (You bought it in a shop on level 5 of the Depths)

   [ring of poison resistance]

   It affects your intelligence (-2).
   It protects you from cold.
   It insulates you from electricity.
   It protects you from poison.
   It affects your resistance to hostile enchantments.
 A - a +5 ring of protection
 N - the ring "Wuloedoh" {MP-9 Str+2 SInv Stlth-}
   (You took it off a yaktaur captain on level 5 of the Vaults)

   [ring of attention]

   It affects your strength (+2).
   It affects your magic capacity (-9).
   It lets you see invisible.
   It makes you less stealthy.
 S - a +4 ring of strength
 U - a +5 ring of evasion (left hand)
Wands
 s - a wand of iceblast (80)
 v - a wand of disintegration (34)
 B - a wand of digging (20)
 H - a wand of polymorph (21)
 L - a wand of acid (37)
 X - a wand of paralysis (20)
 Z - a wand of enslavement (24)
Scrolls
 a - 11 scrolls of fear
 b - 12 scrolls of fog
 k - 20 scrolls of teleportation
 l - 7 scrolls of blinking
 n - 37 scrolls of remove curse
 p - 20 scrolls of amnesia
 q - 4 scrolls of magic mapping
 w - 7 scrolls of immolation
 D - 3 scrolls of enchant weapon
 E - 19 scrolls of identify
 O - a scroll of brand weapon
Potions
 d - 3 potions of agility
 e - a potion of invisibility
 g - 4 potions of resistance
 i - 12 potions of heal wounds
 m - 37 potions of curing
 o - 4 potions of cancellation
 x - 12 potions of brilliance
 G - 7 potions of magic
 K - 7 potions of might
 M - 7 potions of flight
 Q - 6 potions of berserk rage
Miscellaneous
 F - the horn of Geryon
 I - a crystal ball of energy
 P - 4 phantom mirrors
Comestibles
 f - 87 rations


   Skills:
 - Level 19.0 Fighting
 - Level 6.0(13.9) Short Blades
 - Level 19.0(19.2) Long Blades
   Level 2.0 Bows
 - Level 1.7 Throwing
 O Level 27 Armour
 - Level 18.5 Dodging
 O Level 27 Stealth
 * Level 16.9 Shields
 - Level 7.1 Spellcasting
 - Level 12.3 Invocations
 - Level 15.2 Evocations


You had 40 spell levels left.
You didn't know any spells.
Your spell library contained the following spells:

 Spells                   Type           Power        Failure   Level  Hunger
 Animate Skeleton         Necr           N/A          77%         1    None
 Apportation              Tloc           #.....       77%         1    None
 Beastly Appendage        Tmut           #.....       77%         1    None
 Confusing Touch          Hex            #.....       77%         1    None
 Corona                   Hex            #......      77%         1    None
 Flame Tongue             Conj/Fire      #....        77%         1    None
 Freeze                   Ice            #...         77%         1    None
 Infusion                 Chrm           #...         77%         1    None
 Magic Dart               Conj           #...         77%         1    None
 Pain                     Necr           #...         77%         1    None
 Sandblast                Erth           #.....       77%         1    None
 Sting                    Conj/Pois      #...         77%         1    None
 Summon Butterflies       Summ           #.......     77%         1    None
 Summon Small Mammal      Summ           #...         77%         1    None
 Call Imp                 Summ           #.......     88%         2    ##.....
 Corpse Rot               Necr           N/A          88%         2    ##.....
 Ensorcelled Hibernation  Hex/Ice        #.....       88%         2    ##.....
 Passwall                 Tmut/Erth      #.......     88%         2    ##.....
 Searing Ray              Conj           #.....       88%         2    ##.....
 Shroud of Golubria       Chrm/Tloc      #.........   88%         2    ##.....
 Slow                     Hex            #.......     88%         2    ##.....
 Song of Slaying          Chrm           #.......     88%         2    ##.....
 Sticks to Snakes         Tmut           #.......     88%         2    ##.....
 Sublimation of Blood     Necr           #.........   88%         2    ##.....
 Throw Flame              Conj/Fire      #.....       88%         2    ##.....
 Throw Frost              Conj/Ice       #.....       88%         2    ##.....
 Call Canine Familiar     Summ           #.......     98%         3    ###....
 Confuse                  Hex            #.......     98%         3    ###....
 Conjure Flame            Conj/Fire      #.......     98%         3    ###....
 Dazzling Spray           Conj/Hex       #.....       98%         3    ###....
 Gell's Gravitas          Tloc           #.........   98%         3    ###....
 Ignite Poison            Fire/Tmut/Pois #.......     98%         3    ###....
 Inner Flame              Hex/Fire       #.......     98%         3    ###....
 Lesser Beckoning         Tloc           #.........   98%         3    ###....
 Mephitic Cloud           Conj/Pois/Air  #.......     98%         3    ###....
 Ozocubu's Armour         Chrm/Ice       #.......     98%         3    ###....
 Portal Projectile        Hex/Tloc       #.....       98%         3    ###....
 Regeneration             Chrm/Necr      #.........   98%         3    ###....
 Spectral Weapon          Hex/Chrm       #.......     98%         3    ###....
 Spider Form              Tmut/Pois      #.........   98%         3    ###....
 Static Discharge         Conj/Air       #.......     98%         3    ###....
 Stone Arrow              Conj/Erth      #.....       98%         3    ###....
 Summon Guardian Golem    Hex/Summ       #.......     98%         3    ###....
 Tukima's Dance           Hex            #.......     98%         3    ###....
 Vampiric Draining        Necr           #.........   98%         3    ###....
 Animate Dead             Necr           N/A          100%        4    ####...
 Cause Fear               Hex            #.........   100%        4    ####...
 Force Lance              Conj/Tloc      #.......     100%        4    ####...
 Fulminant Prism          Conj/Hex       #.........   100%        4    ####...
 Ice Form                 Ice/Tmut       #.......     100%        4    ####...
 Iskenderun's Mystic Bla  Conj           #.......     100%        4    ####...
 Leda's Liquefaction      Hex/Erth       #.........   100%        4    ####...
 Petrify                  Tmut/Erth      #.......     100%        4    ####...
 Sticky Flame             Conj/Fire      #.......     100%        4    ####...
 Summon Ice Beast         Ice/Summ       #.......     100%        4    ####...
 Summon Lightning Spire   Summ/Air       #.......     100%        4    ####...
 Throw Icicle             Conj/Ice       #.......     100%        4    ####...
 Agony                    Necr           #.......     100%        5    ######.
 Alistair's Intoxication  Tmut/Pois      #.......     100%        5    ######.
 Aura of Abjuration       Summ           #.........   100%        5    ######.
 Blade Hands              Tmut           #.........   100%        5    ######.
 Bolt of Draining         Conj/Necr      #.........   100%        5    ######.
 Bolt of Magma            Conj/Fire/Erth #.........   100%        5    ######.
 Dispel Undead            Necr           #.......     100%        5    ######.
 Excruciating Wounds      Chrm/Necr      #.........   100%        5    ######.
 Fireball                 Conj/Fire      #.........   100%        5    ######.
 Irradiate                Conj/Tmut      #.........   100%        5    ######.
 Iskenderun's Battlesphe  Conj/Chrm      #.......     100%        5    ######.
 Lee's Rapid Deconstruct  Erth           #.........   100%        5    ######.
 Lightning Bolt           Conj/Air       #.........   100%        5    ######.
 Metabolic Englaciation   Hex/Ice        #.........   100%        5    ######.
 Silence                  Hex/Air        #.........   100%        5    ######.
 Summon Mana Viper        Hex/Summ       #.......     100%        5    ######.
 Venom Bolt               Conj/Pois      #.........   100%        5    ######.
 Yara's Violent Unravell  Hex/Tmut       #.........   100%        5    ######.
 Bolt of Cold             Conj/Ice       #.........   100%        6    #######
 Bolt of Fire             Conj/Fire      #.........   100%        6    #######
 Conjure Ball Lightning   Conj/Air       #.........   100%        6    #######
 Deflect Missiles         Chrm/Air       #.........   100%        6    #######
 Dispersal                Tloc           #.........   100%        6    #######
 Freezing Cloud           Conj/Ice/Air   #.........   100%        6    #######
 Hydra Form               Tmut           #.........   100%        6    #######
 Invisibility             Hex            #.......     100%        6    #######
 Iron Shot                Conj/Erth      #.........   100%        6    #######
 Ozocubu's Refrigeration  Ice            #.........   100%        6    #######
 Shadow Creatures         Summ           N/A          100%        6    #######
 Simulacrum               Ice/Necr       #.........   100%        6    #######
 Statue Form              Tmut/Erth      #........    100%        6    #######
 Dragon Form              Tmut           #.........   100%        7    #######
 Haunt                    Necr/Summ      #.........   100%        7    #######
 Malign Gateway           Summ/Tloc      #.........   100%        7    #######
 Orb of Destruction       Conj           #.........   100%        7    #######
 Ring of Flames           Chrm/Fire      #.........   100%        7    #######
 Spellforged Servitor     Conj/Summ      #.........   100%        7    #######
 Summon Hydra             Summ           #.........   100%        7    #######
 Borgnjor's Revivificati  Necr           #.........   100%        8    #######
 Controlled Blink         Tloc           N/A          100%        8    #######
 Death's Door             Chrm/Necr      #.........   100%        8    #######
 Discord                  Hex            #.........   100%        8    #######
 Disjunction              Tloc           #.........   100%        8    #######
 Ignition                 Fire           #.........   100%        8    #######
 Infestation              Necr           #.........   100%        8    #######
 Necromutation            Tmut/Necr      #.........   100%        8    #######
 Dragon's Call            Summ           #.........   100%        9    #######
 Shatter                  Erth           #.........   100%        9    #######
 Tornado                  Air            #.........   100%        9    #######


Dungeon Overview and Level Annotations

Branches:
Dungeon (15/15)            Temple (0/1) D:4            Lair (6/6) D:11
  Swamp (4/4) Lair:4       Spider (4/4) Lair:3        Slime (0/5) Lair:5
    Orc (2/2) D:11            Elf (3/3) Orc:2        Vaults (5/5) D:13
  Crypt (3/3) Vaults:3       Tomb (1/3) Crypt:3      Depths (5/5) D:15
   Hell (1/1)                 Dis (0/7) Hell            Geh (1/7) Hell
    Coc (1/7) Hell            Tar (1/7) Hell            Zot (3/5) Depths:5

Altars:
Ashenzari
Cheibriados
Dithmenos
Fedhas
Gozag
Hepliaklqana
Kikubaaqudgha
Makhleb
Nemelex Xobeh
Okawaru
Qazlal
Ru
Trog
Uskayaw
Vehumet
Wu Jian
Yredelemnul
Zin
The Shining One
Beogh
Jiyva

Shops:
D:6 *   D:10 }   Orc:2 :*!   Elf:2 [!   Elf:3 [*   Vaults:1 !   Vaults:2 =
Vaults:3 }   Depths:2 !([   Depths:5 *[===}}

Portals:
Hell: Depths:1 Depths:2 Depths:3 Depths:4 Depths:5
Abyss: Depths:4
Pandemonium: Depths:1 Depths:3 Depths:4
Ziggurat: Depths:3

Annotations:
D:3 3 runed doors, Shaidar's ghost, amateur DECj
Elf:2 1 runed door
Zot:2 2 transporters, exclusion: 5 oklob plants, Nymidgh's ghost, legendary SpEn


Innate Abilities, Weirdness & Mutations

You have claws for feet.
You are completely covered in molten scales. (AC +4, rF+)
Your flesh is heat resistant. (rF+)
Your demonic aura causes spilled blood to erupt in flames.
You resist negative energy. (rN+)
You are somewhat able to resist unholy torments (1 in 2 success).
When hurt, damage is shared between your health and your magic reserves.
You regenerate magic rapidly.
When low on magic, you restore magic in place of health.
Your melee attacks may debilitate your foes.
You are immune to clouds of flame.
You have a beak for a mouth.
You have a pair of small horns on your head.
Scrolls take you longer to read.
Your body sometimes deteriorates upon taking damage.
You are frail. (-10% HP)
Your magical capacity is low. (-10% MP)
You expend magic power (3 MP) to strengthen your wands.


Message History

The Executioner hits you but does no damage. x2
The curse skull calls on the powers of darkness!
Your body is wracked with pain!
* * * LOW HITPOINT WARNING * * *
Something hits you but does no damage.
You hit the curse skull. You claw the curse skull.
You headbutt the curse skull.
The curse skull is almost destroyed.
Your shadow hits the curse skull but does no damage.
You block the Executioner's attack. The Executioner closely misses you.
You block the Executioner's attack.
The curse skull rattles its jaw.
The Executioner hits you!
* * * LOW HITPOINT WARNING * * *
The Executioner barely misses you. x2
The shadow strikes at you from the darkness!
* * * LOW HITPOINT WARNING * * *
Reactivating autopickup.
Something hits you!!
You die...

####+++####
#.........#
#.........#
#..Z.ZMW{§#
##..ZVWz@##
#.#..z{1##
#..#ZWW##
#.#Z#W#.#
##.§§#..#
#.#§#§#.#
#..#§V§##
#.#§#{#§#
#§.§#§§#


You could see an Executioner, 2 curse skulls, a phantasmal warrior, a freezing
wraith, a spectral shadow dragon, a spectral ghost moth, a hungry ghost, a
vampire, 2 shadows, a mummy, a harpy simulacrum, a fire giant zombie and a human
skeleton.

Vanquished Creatures
  4 ancient liches
  Mara (Vaults:2)
  2 orbs of fire (Zot:1)
  4 juggernauts
  Sojobo (Crypt:3)
  2 greater mummies (Tomb:1)
  2 pandemonium lords (Pan)
  6 shard shrikes (Coc:1)
  the Lernaean hydra (Swamp:4)
  Margery (Vaults:5)
  The ghost of temitten the Naga Aeon, a veteran NaFi of Cheibriados (Elf:3)
  A curse toe (Zot:3)
  2 profane servitors
  9 golden dragons
  3 caustic shrikes (Depths:5)
  Nikola (Spider:3)
  2 pearl dragons (Pan)
  Geryon (Hell)
  10 bone dragons
  A Hellbinder (WizLab)
  2 Tzitzimimeh
  Arachne (Spider:2)
  3 Brimstone Fiends (Pan)
  3 hellephants
  A shard shrike zombie (Crypt:1)
  An electric golem (Zot:1)
  13 tentacled monstrosities
  A Hell Sentinel (Abyss:1)
  9 liches
  Rupert (Lair:4)
  8 Ice Fiends
  9 titans
  5 quicksilver dragons
  Asterion (Spider:1)
  2 deep elf master archers (Elf:3)
  2 deep elf blademasters
  33 tentacled starspawn
  8 sphinxes
  8 Executioners
  Agnes (D:15)
  3 thorn hunters
  4 death cobs (Zot:3)
  Kirke (Spider:3)
  6 ancient champions
  20 daevas (Pan)
  9 shadow dragons
  A revenant (Crypt:2)
  11 storm dragons
  12 tengu reavers
  5 draconian monks
  Roxanne (Spider:1)
  4 draconian knights
  5 ghost moths
  6 deep elf sorcerers
  12 fire giants
  7 emperor scorpions (Spider:4)
  8 vault wardens
  14 frost giants
  7 balrugs
  2 curse skulls
  2 warmongers (Pan)
  11 draconian scorchers
  6 deep elf elementalists
  34 angels
  7 cacodemons
  2 iron dragons (Vaults:5)
  6 draconian shifters
  9 draconian stormcallers
  The ghost of P0WERM0DE the Bringer of Life, a journeyman DDFi of Elyvilon (Lair:6)
  13 ghouls
  5 war gargoyles
  9 draconian annihilators
  10 ironheart preservers
  11 reapers
  25 stone giants
  19 vampire knights
  46 very ugly things
  A juggernaut skeleton (Crypt:3)
  20 ophanim
  2 blood saints
  3 entropy weavers
  11 green draconians
  A dire elephant (Abyss:1)
  Nessos (Lair:4)
  11 deep elf demonologists
  27 apis (Pan)
  4 deep elf annihilators
  2 black suns (Pan)
  12 purple draconians
  6 lorocyprocas
  14 red draconians
  11 white draconians
  14 yellow draconians
  10 spark wasps
  17 black draconians
  Azrael (Spider:2)
  5 deep elf death magi
  12 ettins
  3 eidola
  A quicksilver dragon zombie (Tomb:1)
  7 mummy priests
  7 green deaths
  21 blizzard demons
  3 crystal guardians
  14 jiangshi
  10 fire dragons
  6 deep elf high priests
  7 ogre magi
  22 yaktaur captains
  12 great orbs of eyes
  22 hydras
  2 juggernaut simulacra (Pan)
  12 rakshasas
  8 centaur warriors
  7 hell beasts
  4 shambling mangroves
  3 quicksilver dragon skeletons
  16 ice dragons
  24 vault guards (Vaults:5)
  A catoblepas (Lair:6)
  9 spriggan air magi
  The ghost of Shaidar the Basher, a novice MiBe of Trog (D:8)
  24 two-headed ogres
  An anaconda (shapeshifter) (Elf:3)
  6 death knights
  A ghost crab (Swamp:4)
  18 death scarabs (Tomb:1)
  2 death yaks (IceCv)
  38 dancing weapons
  3 alligators
  9 vampire magi
  11 deep troll shamans
  9 deep troll earth magi
  16 hell hogs
  30 thrashing horrors
  3 spriggan berserkers
  5 tengu warriors
  Urug (Lair:4)
  A titan zombie (Crypt:3)
  5 orc high priests
  17 hell knights
  A titan skeleton (Crypt:3)
  Sonja (Lair:6)
  15 sun demons
  An iron golem (Geh:1)
  23 deep elf knights
  18 soul eaters
  5 spriggans
  8 shadow wraiths
  34 wretched stars
  66 skeletal warriors
  A storm dragon zombie (Crypt:3)
  7 iron trolls
  A fire crab (shapeshifter) (D:14)
  6 anaconda zombies
  A golden dragon zombie (Coc:1)
  3 death drakes
  2 ghost moth zombies
  A death drake (shapeshifter) (Abyss:1)
  4 unseen horrors
  3 storm dragon skeletons
  9 spatial maelstroms
  A gelid demonspawn (Pan)
  17 sixfirhies
  24 cherubim (Pan)
  42 deep trolls
  A spectral anaconda (Depths:4)
  18 swamp dragons
  9 glowing orange brains
  A shadow demon (Abyss:3)
  4 spectral hydras (Depths:4)
  18 deep elf archers
  2 orange crystal statues (Depths:4)
  14 flayed ghosts
  2 lindwurms (shapeshifter)
  An obsidian statue (Elf:3)
  25 phantasmal warriors
  A harpy (shapeshifter) (Vaults:2)
  6 wizards
  20 orb spiders
  A lindwurm (Lair:6)
  A shadow dragon skeleton (Crypt:1)
  9 ironbrand convokers
  2 shadow dragon zombies
  A harpy (Vaults:3)
  2 golden dragon skeletons (Coc:1)
  4 anaconda skeletons
  A fire giant zombie (Abyss:1)
  6 necromancers
  5 oklob plants (Zot:2)
  3 frost giant zombies
  4 mana vipers (Depths:4)
  52 deep elf magi
  34 wolf spiders
  3 wolf spider zombies
  16 orc knights
  10 cyclopes
  44 ugly things
  6 orc sorcerers
  A mana viper (shapeshifter) (D:14)
  4 manticores
  21 elephants
  87 starcursed masses
  7 worldbinders
  2 iron dragon skeletons
  15 moths of wrath
  A guardian serpent (shapeshifter) (D:15)
  A moth of wrath (shapeshifter) (Vaults:4)
  2 stone giant skeletons
  A torpor snail (shapeshifter) (Abyss:1)
  A centaur zombie (D:14)
  A guardian serpent (Abyss:1)
  8 rust devils
  21 orange demons
  2 fire giant skeletons
  3 molten gargoyles
  18 vault sentinels
  5 black mambas
  8 ice statues
  2 dire elephant zombies (Coc:1)
  2 spiny frogs (shapeshifter)
  3 torpor snails
  8 apocalypse crabs
  33 smoke demons
  A minotaur zombie (Crypt:1)
  12 komodo dragons
  An iron troll zombie (Crypt:3)
  19 spiny frogs
  A dire elephant skeleton (Coc:1)
  3 hellions
  2 rime drakes
  7 hellwings
  5 spectral merfolk (Depths:4)
  2 kobold demonologists
  A komodo dragon (shapeshifter) (D:14)
  52 yaktaurs
  2 rime drakes (shapeshifter) (Depths:2)
  6 efreet
  A spriggan skeleton (Depths:1)
  An emperor scorpion zombie (Coc:1)
  A green draconian skeleton (Crypt:1)
  An anaconda simulacrum (Depths:4)
  15 demonic crawlers
  8 tormentors
  23 freezing wraiths
  25 ancient zymes
  11 ice devils
  2 yaktaur skeletons
  2 queen bees (shapeshifter)
  3 tengu conjurers
  16 guardian mummies
  5 meliai (Abyss:3)
  21 polar bears
  A meliai (shapeshifter) (D:13)
  5 hydra zombies
  31 jumping spiders
  17 red devils
  2 queen bees
  8 trolls
  A deep troll zombie (Depths:1)
  An ettin zombie (Crypt:3)
  12 tyrant leeches
  A hornet (shapeshifter) (D:14)
  18 hornets
  A hippogriff (shapeshifter) (D:15)
  35 slime creatures
  A meliai zombie (Crypt:3)
  21 bog bodies
  13 hippogriffs
  2 hydra skeletons
  43 raiju
  16 blink frogs
  A raiju (shapeshifter) (Vaults:4)
  46 flying skulls
  A blink frog (shapeshifter) (Vaults:4)
  3 ice dragon skeletons
  4 alligator zombies
  3 fire dragon zombies
  A black mamba zombie (Crypt:3)
  85 large abominations
  5 air elementals
  10 wyverns
  2 fire dragon skeletons
  85 redbacks
  24 wraiths
  7 water elementals
  A yak (shapeshifter) (Abyss:1)
  28 ynoxinuls
  31 tarantellas
  4 vampires
  An ettin skeleton (Hell)
  A satyr skeleton (Crypt:3)
  4 basilisks
  A fire bat (Abyss:1)
  8 golden eyes
  50 yaks
  A wind drake zombie (Crypt:1)
  A dire elephant simulacrum (Abyss:1)
  17 shadows
  Grum (Lair:1)
  A black mamba skeleton (Abyss:3)
  19 chaos spawn
  13 fire elementals
  6 hogs
  6 hungry ghosts
  6 ushabtiu (Tomb:1)
  A golden eye (shapeshifter) (Depths:5)
  A yaktaur simulacrum (Vaults:1)
  A human (shapeshifter) (Depths:2)
  A human simulacrum (Vaults:2)
  A wind drake skeleton (Crypt:2)
  10 vampire mosquitoes
  16 neqoxecs
  5 steam dragons
  17 insubstantial wisps
  13 spatial vortices
  13 wargs
  A glowing shapeshifter zombie (Crypt:2)
  A soldier ant (D:14)
  A merfolk zombie (Crypt:2)
  A gelid demonspawn zombie (Crypt:2)
  3 acid dragons
  40 hell hounds
  16 water moccasins
  2 floating eyes (shapeshifter)
  14 swamp worms
  Duvessa (D:6)
  A naga (shapeshifter) (Depths:1)
  7 porcupines
  2 spiny frog zombies
  A spectral spriggan (Depths:4)
  3 spectral trolls (Depths:4)
  2 deep troll skeletons
  2 floating eyes
  51 orc warriors
  A spiny frog skeleton (Geh:1)
  24 swamp drakes
  A merfolk skeleton (Crypt:2)
  A swamp dragon zombie (Crypt:3)
  A torturous demonspawn skeleton (Crypt:2)
  A deep troll simulacrum (Depths:1)
  A fire dragon simulacrum (Coc:1)
  19 ice beasts
  A black bear (D:7)
  3 human zombies
  12 boggarts
  7 phantoms
  3 eyes of draining
  An eye of draining (shapeshifter) (Vaults:4)
  A snapping turtle zombie (Abyss:2)
  3 sky beasts
  9 necrophages
  26 ogres
  32 wolves
  24 centaurs
  A centaur (shapeshifter) (Vaults:5)
  An ogre (shapeshifter) (Vaults:1)
  12 crocodiles
  A torpor snail zombie (Crypt:3)
  55 small abominations
  3 big kobolds
  A bullfrog (shapeshifter) (Depths:2)
  7 earth elementals
  15 bullfrogs
  2 spiny frog simulacra (Hell)
  2 gnoll sergeants (D:8)
  A komodo dragon skeleton (Crypt:1)
  Dowan (D:6)
  3 wyvern skeletons
  3 scorpions
  A water moccasin skeleton (D:8)
  An elf simulacrum (Vaults:1)
  An orc simulacrum (Vaults:2)
  31 wights
  43 killer bees
  2 spectral nagas (Depths:4)
  2 spectral ogres (Depths:4)
  3 howler monkeys
  3 electric eels
  5 spectral centaurs (Depths:4)
  12 crimson imps
  5 lava snakes (Lair:6)
  9 quasits
  A bullfrog zombie (Crypt:2)
  4 hounds
  8 jellies
  35 orc priests
  Crazy Yiuf (D:4)
  A gnoll shaman (Orc:2)
  7 iron imps
  47 orc wizards
  2 bullfrog skeletons
  6 centaur skeletons
  Jessica (D:2)
  A basilisk skeleton (Crypt:3)
  6 iguanas
  A black bear skeleton (Crypt:2)
  A human skeleton (Coc:1)
  15 worker ants
  A spriggan simulacrum (Depths:4)
  An ogre skeleton (Tar:1)
  A hound zombie (D:9)
  A felid skeleton (Crypt:3)
  2 hound skeletons
  4 mummies
  A worker ant zombie (D:10)
  18 gnolls
  A steam dragon zombie (Crypt:3)
  12 adders
  A howler monkey skeleton (Crypt:1)
  A naga simulacrum (Depths:4)
  6 shadow imps
  9 white imps
  12 ufetubi
  3 oozes
  An adder zombie (D:8)
  An iguana skeleton (Crypt:1)
  An adder skeleton (D:9)
  3 worms (D:4)
  A dart slug (D:1)
  5 leopard geckos
  141 orcs
  2 bats
  4 giant cockroaches
  11 goblins
  7 hobgoblins
  20 jackals
  3 quokkas
  A frilled lizard (D:5)
  A goblin skeleton (D:4)
  A hobgoblin skeleton (Crypt:2)
  2 hobgoblin zombies (D:4)
  A jackal skeleton (D:8)
  15 kobolds
  2 kobold skeletons (D:4)
  2 kobold zombies (D:4)
  A leopard gecko skeleton (D:8)
  A leopard gecko zombie (D:5)
  3 orc skeletons
  An orc zombie (D:4)
  10 rats
  A rat skeleton (Crypt:1)
  3 briar patches
  4 plants
  17 starspawn tentacles
4062 creatures vanquished.

Vanquished Creatures (collateral kills)
  A seraph (Pan)
  A daeva (Depths:3)
  A spark wasp (shapeshifter) (Abyss:1)
  2 starcursed masses (Abyss:1)
  A killer bee (D:8)
  A crimson imp (D:12)
  3 starspawn tentacles (Abyss:1)
10 creatures vanquished.

Vanquished Creatures (others)
  An eldritch tentacle (Coc:1)
  A ghost moth (Spider:1)
  A draconian knight (Zot:1)
  An elemental wellspring (Coc:1)
  A red draconian (Zot:1)
  A yaktaur captain (Vaults:5)
  A hydra (D:12)
  2 deep troll shamans (Depths:1)
  A soul eater (Pan)
  A sixfirhy (Abyss:1)
  A deep troll (Depths:1)
  A spriggan druid (Swamp:3)
  A swamp dragon (Swamp:4)
  A wizard (Depths:1)
  2 wolf spiders
  A deep elf mage (Elf:2)
  An orb spider (Spider:4)
  A cyclops (Vaults:1)
  An ugly thing (Depths:1)
  A spiny frog (Swamp:4)
  A demonic crawler (Spider:3)
  2 yaktaurs (Depths:1)
  A bog body (Swamp:3)
  A fire giant simulacrum (Abyss:4)
  A flying skull (Abyss:3)
  A tarantella (Spider:4)
  2 redbacks
  A water elemental (Elf:2)
  2 fire elementals
  A large abomination (Pan)
  An insubstantial wisp (Swamp:3)
  2 swamp worms (Swamp:4)
  A hell hound (Depths:2)
  2 swamp drakes (Swamp:3)
  2 wolves (Depths:4)
  A centaur (Depths:1)
  A bullfrog (D:10)
  2 wights (Geh:1)
  A howler monkey (D:10)
  A crimson imp (Hell)
  A hound (D:10)
  A starcursed mass (Abyss:1)
  An orc wizard (Orc:2)
  An iguana (D:5)
  3 orcs
  12 bushes (Depths:1)
  13 fungi
  6 lurking horrors
  19 plants
  60 starspawn tentacles
166 creatures vanquished.

Grand Total: 4238 creatures vanquished

Notes
Turn   | Place    | Note
-------+----------+-------------------------------------------
     0 | D:1      | SupremeSnack the Demonspawn Gladiator began the quest for
                  | the Orb.
     0 | D:1      | Reached XP level 1. HP: 16/16 MP: 1/1
   561 | D:1      | Gained mutation: You are partially covered in molten
                  | scales. (AC +2) [demonic ancestry]
   561 | D:1      | Reached XP level 2. HP: 14/23 MP: 2/2
  1178 | D:2      | Reached XP level 3. HP: 26/29 MP: 3/3
  1448 | D:2      | Noticed Jessica
  1453 | D:2      | Killed Jessica
  1480 | D:2      | Gained mutation: When hurt, damage is shared between your
                  | health and your magic reserves. [demonic ancestry]
  1480 | D:2      | Reached XP level 4. HP: 38/38 MP: 4/4
  1701 | D:2      | Found a sacrificial altar of Ru.
  2257 | D:3      | Found a hazy altar of Hepliaklqana.
  2258 | D:3      | Found an ancient bone altar of Kikubaaqudgha.
  2392 | D:3      | Found a runed gate.
  2393 | D:3      | Found an opulent altar of Gozag.
  2393 | D:3      | Noticed Shaidar's ghost (amateur DECj)
  2394 | D:3      | Found a runed gate.
  2394 | D:3      | Found a runed gate.
  2394 | D:3      | Noticed a centaur
  2523 | D:3      | Reached skill level 5 in Fighting
  2802 | D:4      | Found a runed door.
  2869 | D:4      | Noticed Crazy Yiuf
  2878 | D:4      | Killed Crazy Yiuf
  2878 | D:4      | Reached XP level 5. HP: 39/44 MP: 5/5
  3030 | D:4      | Found a staircase to the Ecumenical Temple.
  3076 | D:4      | Reached skill level 1 in Evocations
  3261 | D:4      | Noticed a moth of wrath
  3265 | D:4      | Found a bloodstained altar of Trog.
  3329 | D:4      | Noticed an ogre
  3338 | D:4      | Killed an ogre
  3338 | D:4      | Gained mutation: You regenerate magic rapidly. [demonic
                  | ancestry]
  3338 | D:4      | Reached XP level 6. HP: 41/52 MP: 5/7
  3351 | D:4      | Found a glowing golden altar of the Shining One.
  3698 | D:4      | Found a radiant altar of Vehumet.
  3699 | D:4      | Found a stormy altar of Qazlal.
  3700 | D:4      | Found a sparkling altar of Nemelex Xobeh.
  3709 | D:4      | Found an ornate altar of the Wu Jian Council.
  3709 | D:4      | Found a snail-covered altar of Cheibriados.
  3831 | D:4      | You fall through a shaft!
  3831 | D:5      | Entered Level 5 of the Dungeon
  4164 | D:4      | Reached XP level 7. HP: 37/58 MP: 1/10
  4521 | D:5      | Reached skill level 5 in Evocations
  4945 | D:5      | Found an iron altar of Okawaru.
  5251 | D:5      | Found a glowing silver altar of Zin.
  5252 | D:5      | Noticed an angel
  5407 | D:6      | Noticed Duvessa
  5409 | D:6      | Noticed Dowan
  5420 | D:6      | Killed Duvessa
  5420 | D:6      | Gained mutation: Your flesh is heat resistant. (rF+)
                  | [demonic ancestry]
  5420 | D:6      | Reached XP level 8. HP: 47/67 MP: 8/12
  5427 | D:6      | Killed Dowan
  5832 | D:6      | Found a shadowy altar of Dithmenos.
  5847 | D:6      | Found a bloodstained altar of Trog.
  5875 | D:6      | Found Saloqie's Assorted Antiques.
  6376 | D:7      | Found a shattered altar of Ashenzari.
  6495 | D:7      | Found a hide-covered altar of Uskayaw.
  6525 | D:7      | Reached skill level 5 in Long Blades
  6720 | D:7      | Gained mutation: You are mostly covered in molten scales.
                  | (AC +3) [demonic ancestry]
  6720 | D:7      | Reached XP level 9. HP: 60/72 MP: 14/14
  7192 | D:8      | Noticed a queen bee
  7206 | D:8      | Killed a queen bee
  7331 | D:8      | Found a runed gate.
  7331 | D:8      | Found a runed gate.
  7331 | D:8      | Found a runed gate.
  7341 | D:8      | Noticed Shaidar's ghost (novice MiBe)
  7345 | D:8      | Found a roughly hewn altar of Beogh.
  7716 | D:8      | Noticed a two-headed ogre
  7732 | D:8      | Killed a two-headed ogre
  7732 | D:8      | Reached XP level 10. HP: 79/79 MP: 16/16
  7842 | D:8      | Found a shattered altar of Ashenzari.
  7995 | D:6      | Bought a glowing double sword for 360 gold pieces
  8032 | D:6      | Became a worshipper of Dithmenos the Shadowed
  8206 | D:8      | Found a bloodstained altar of Trog.
  8268 | D:8      | Found a burning altar of Makhleb.
  8575 | D:8      | Killed Shaidar's ghost
  8575 | D:8      | Reached skill level 10 in Long Blades
  8575 | D:8      | Reached skill level 10 in Evocations
  8767 | D:9      | Found a transporter.
  8773 | D:9      | Found a roughly hewn altar of Beogh.
  8773 | D:9      | Found a transporter.
  8804 | D:9      | Reached * piety under Dithmenos
  8861 | D:9      | Got an ichor-stained hand axe
  8862 | D:9      | Identified the cursed +1 hand axe "Qippup" {freeze, +Rage}
                  | (You found it on level 9 of the Dungeon)
  9068 | D:9      | Reached XP level 11. HP: 84/84 MP: 18/18
  9343 | D:9      | Reached ** piety under Dithmenos
  9553 | D:10     | Entered Level 10 of the Dungeon
  9576 | D:10     | Found Boghiurgh's Gadget Shoppe.
  9656 | D:10     | Found a flagged portal.
  9665 | Bailey   | Entered a bailey
 10002 | Bailey   | Noticed an orc knight
 10067 | Bailey   | Noticed an orc knight
 10067 | Bailey   | Noticed an orc knight
 10082 | Bailey   | Killed an orc knight
 10114 | Bailey   | Killed an orc knight
 10127 | Bailey   | Killed an orc knight
 10455 | Bailey   | Got a crystal mace
 10458 | Bailey   | Identified the +9 mace "Bexoedd" {pain, MR+ Str+4 Dex+3}
                  | (You found it in a bailey)
 10611 | D:10     | Reached *** piety under Dithmenos
 10780 | D:10     | Found a stormy altar of Qazlal.
 11446 | D:11     | Noticed a two-headed ogre
 11476 | D:10     | Killed a two-headed ogre
 11656 | D:11     | Reached **** piety under Dithmenos
 11669 | D:11     | Found a staircase to the Orcish Mines.
 11688 | D:11     | Noticed a red ugly thing
 11690 | D:11     | Noticed a red ugly thing
 11697 | D:11     | Killed a purple ugly thing
 11704 | D:11     | Killed a red ugly thing
 12047 | D:11     | Found a staircase to the Lair.
 12172 | D:11     | Gained mutation: You resist negative energy. (rN+) [demonic
                  | ancestry]
 12172 | D:11     | Reached XP level 12. HP: 78/89 MP: 16/20
 13496 | D:12     | Noticed a five-headed hydra
 13851 | D:12     | Reached skill level 1 in Stealth
 13970 | D:13     | Reached ***** piety under Dithmenos
 14050 | D:13     | Found a gate to the Vaults.
 14050 | D:13     | Noticed a two-headed ogre
 14051 | D:13     | Noticed a two-headed ogre
 14051 | D:13     | Noticed an ogre mage
 14056 | D:13     | Killed an ogre mage
 14060 | D:13     | Killed a two-headed ogre
 14061 | D:13     | Noticed an eight-headed hydra
 14063 | D:13     | Killed a two-headed ogre
 14092 | D:13     | Killed an eight-headed hydra
 14728 | D:13     | Found a basalt altar of Yredelemnul.
 14886 | D:14     | Reached skill level 5 in Stealth
 14906 | D:14     | Noticed a four-headed hydra
 14979 | D:13     | Reached XP level 13. HP: 59/94 MP: 12/22
 15130 | D:14     | Reached skill level 15 in Long Blades
 15857 | Orc:1    | Entered Level 1 of the Orcish Mines
 16125 | Orc:1    | Paralysed by an orc sorcerer for 3 turns
 16594 | Orc:2    | Entered Level 2 of the Orcish Mines
 17108 | Orc:2    | Found Tarhelao's Food Shop.
 17108 | Orc:2    | Found Xemuv's Book Shop.
 17199 | Orc:1    | Reached skill level 1 in Invocations
 17346 | Orc:2    | Reached ****** piety under Dithmenos
 17443 | Orc:2    | Found a staircase to the Elven Halls.
 17569 | Orc:2    | Found Atwi's Assorted Antiques.
 17572 | Orc:2    | Found Okhitrepn's Distillery.
 17883 | Orc:1    | You fall through a shaft!
 18123 | Lair:1   | Entered Level 1 of the Lair of Beasts
 18232 | Lair:1   | Noticed Grum
 18245 | Lair:1   | Killed Grum
 18270 | Lair:1   | Got a brightly glowing ring mail
 18301 | Lair:1   | Identified the +2 ring mail "Rissiatz" {rF+ Int+4} (You
                  | found it on level 1 of the Lair of Beasts)
 18617 | Orc:2    | Bought a manual of Fighting for 1545 gold pieces
 19228 | Lair:2   | Reached skill level 5 in Invocations
 19243 | Lair:2   | Reached XP level 14. HP: 84/102 MP: 23/23
 19571 | Lair:2   | Gained mutation: You have large cloven feet. [potion of
                  | mutation]
 19571 | Lair:2   | Gained mutation: You are robust. (+10% HP) [potion of
                  | mutation]
 19571 | Lair:2   | Gained mutation: Your spells are a little harder to cast,
                  | but a little more powerful. [potion of mutation]
 19572 | Lair:2   | Lost mutation: You are robust. (+10% HP) [potion of
                  | mutation]
 19572 | Lair:2   | Lost mutation: Your spells are a little harder to cast, but
                  | a little more powerful. [potion of mutation]
 19572 | Lair:2   | Gained mutation: Scrolls take you a little longer to read.
                  | [potion of mutation]
 19572 | Lair:2   | Gained mutation: You have very sharp teeth. [potion of
                  | mutation]
 19573 | Lair:2   | Lost mutation: You have very sharp teeth. [potion of
                  | mutation]
 19573 | Lair:2   | Lost mutation: You have large cloven feet. [potion of
                  | mutation]
 19573 | Lair:2   | Lost mutation: Scrolls take you a little longer to read.
                  | [potion of mutation]
 19573 | Lair:2   | Gained mutation: You have large cloven feet. [potion of
                  | mutation]
 19573 | Lair:2   | Gained mutation: You are agile. (Dex +2) [potion of
                  | mutation]
 19573 | Lair:2   | Gained mutation: You have a beak for a mouth. [potion of
                  | mutation]
 19573 | Lair:2   | Gained mutation: Your muscles are strong. (Str +2) [potion
                  | of mutation]
 19574 | Lair:2   | Lost mutation: You have large cloven feet. [potion of
                  | mutation]
 19574 | Lair:2   | Lost mutation: You are agile. (Dex +2) [potion of mutation]
 19574 | Lair:2   | Gained mutation: Your flesh is cold resistant. (rC+)
                  | [potion of mutation]
 19574 | Lair:2   | Gained mutation: You are agile. (Dex +2) [potion of
                  | mutation]
 20189 | Lair:3   | Found a hole to the Spider Nest.
 21190 | Lair:4   | Noticed Nessos
 21195 | Lair:4   | Killed Nessos
 21195 | Lair:4   | Reached skill level 10 in Fighting
 21252 | Lair:4   | Noticed Urug
 21275 | Lair:4   | Killed Urug
 21285 | Lair:4   | Found a frozen archway.
 21300 | IceCv    | Entered an ice cave
 22793 | Lair:4   | Noticed a storm dragon
 22793 | Lair:4   | a six-headed hydra changed into a storm dragon
 22803 | Lair:4   | Killed a storm dragon
 22803 | Lair:4   | Reached skill level 10 in Stealth
 22820 | Lair:4   | Noticed Rupert
 22916 | Lair:4   | Killed Rupert
 23140 | Lair:4   | Found a staircase to the Swamp.
 23771 | Lair:5   | Reached XP level 15. HP: 103/125 MP: 20/24
 24653 | Lair:5   | Found a viscous altar of Jiyva.
 24654 | Lair:5   | Found a staircase to the Slime Pits.
 24671 | Lair:6   | Entered Level 6 of the Lair of Beasts
 24678 | Lair:6   | Reached skill level 15 in Fighting
 24771 | Lair:6   | Reached skill level 1 in Shields
 24890 | Lair:6   | Found a large runed door.
 24903 | Lair:6   | Reached skill level 1 in Armour
 24908 | Lair:6   | Found a large runed door.
 25214 | Lair:6   | Noticed P0WERM0DE's ghost (journeyman DDFi)
 25243 | Lair:6   | Killed P0WERM0DE's ghost
 26201 | Lair:6   | Noticed Sonja
 26218 | Lair:6   | Killed Sonja
 26527 | Lair:6   | Found a large runed door.
 26527 | Lair:6   | Found a large runed door.
 27040 | D:15     | Entered Level 15 of the Dungeon
 27081 | D:15     | Noticed Agnes
 27094 | D:15     | Killed Agnes
 27270 | D:15     | Reached skill level 5 in Shields
 27426 | D:15     | Found a blossoming altar of Fedhas.
 27660 | D:15     | Reached skill level 1 in Spellcasting
 28091 | D:15     | Reached skill level 5 in Dodging
 28155 | D:15     | Found a staircase to the Depths.
 28328 | Depths:1 | Entered Level 1 of the Depths
 28350 | Depths:1 | Gained mutation: You have sharp toenails. [demonic
                  | ancestry]
 28350 | Depths:1 | Reached XP level 16. HP: 134/134 MP: 25/25
 28380 | Depths:1 | Found a transporter.
 28903 | Depths:1 | Reached skill level 5 in Armour
 29257 | Depths:1 | Found a one-way gate leading to the halls of Pandemonium.
 29505 | Depths:1 | Identified a scroll of acquirement
 29926 | Depths:1 | Found a gateway to Hell.
 30038 | D:15     | HP: 6/134 [poisoned by an ogre mage (bolt of poison)]
 30044 | D:15     | HP: 5/134 [poisoned by an ogre mage (bolt of poison)]
 30050 | D:15     | HP: 5/134 [poisoned by an ogre mage (bolt of poison)]
 30058 | D:15     | HP: 6/134 [poisoned by an ogre mage (bolt of poison)]
 30774 | Depths:1 | Found a transporter.
 30778 | Depths:1 | Found the +8 trident of the Octopus King {venom, rElec
                  | rPois MR+}
 31379 | Depths:1 | Got a transparent bronze ring
 31393 | Depths:1 | Got a smoking golden ring
 31401 | Depths:1 | Identified the ring "Wufel" {rPois rF+ rN+ Dex-2} (You
                  | found it on level 1 of the Depths)
 31403 | Depths:1 | Identified the ring of Viriol {Ice Dex+2} (You found it on
                  | level 1 of the Depths)
 31429 | Depths:2 | Found Boifumi's Distillery.
 31795 | Depths:2 | Noticed a tentacled monstrosity
 32043 | Depths:1 | Gained mutation: You are immune to clouds of flame.
                  | [demonic ancestry]
 32043 | Depths:1 | Reached XP level 17. HP: 91/142 MP: 24/26
 32861 | Depths:2 | Reached skill level 5 in Spellcasting
 33497 | Depths:2 | Killed a tentacled monstrosity
 33921 | Depths:2 | Got a distressingly furry scale mail
 33983 | Depths:1 | HP: 7/213 [spark wasp (9)]
 34483 | Depths:2 | Bought a potion of heal wounds for 95 gold pieces
 34483 | Depths:2 | Bought a potion of agility for 76 gold pieces
 34483 | Depths:2 | Bought a potion of curing for 57 gold pieces
 34483 | Depths:2 | Bought a potion of curing for 57 gold pieces
 34483 | Depths:2 | Bought a potion of berserk rage for 95 gold pieces
 34483 | Depths:2 | Bought a potion of curing for 57 gold pieces
 34483 | Depths:2 | Bought 2 potions of agility for 152 gold pieces
 34504 | Depths:1 | Identified the +5 scale mail "Poybloj" {rN+ Str+2} (You
                  | found it on level 2 of the Depths)
 34891 | D:10     | Bought a wand of enslavement (6) for 80 gold pieces
 34891 | D:10     | Bought a wand of iceblast (7) for 110 gold pieces
 34891 | D:10     | Bought a wand of acid (11) for 300 gold pieces
 34891 | D:10     | Bought a wand of acid (5) for 180 gold pieces
 35011 | Orc:2    | Bought a potion of haste for 250 gold pieces
 35011 | Orc:2    | Bought a scroll of enchant weapon for 187 gold pieces
 35012 | Orc:2    | Bought a potion of mutation for 104 gold pieces
 35012 | Orc:2    | Bought a potion of resistance for 130 gold pieces
 35012 | Orc:2    | Bought a potion of agility for 52 gold pieces
 35015 | Orc:2    | Bought a ration for 50 gold pieces
 35015 | Orc:2    | Bought a ration for 50 gold pieces
 35015 | Orc:2    | Bought a ration for 50 gold pieces
 35015 | Orc:2    | Bought a ration for 50 gold pieces
 35015 | Orc:2    | Bought a ration for 50 gold pieces
 35015 | Orc:2    | Bought a ration for 50 gold pieces
 35015 | Orc:2    | Bought a ration for 50 gold pieces
 35015 | Orc:2    | Bought a ration for 50 gold pieces
 35015 | Orc:2    | Bought a ration for 50 gold pieces
 35170 | Spider:1 | Entered Level 1 of the Spider Nest
 35170 | Spider:1 | Noticed Asterion
 35182 | Spider:1 | Killed Asterion
 35398 | Spider:1 | Upgraded the game from 0.23-a0-558-g30802b1d75 to
                  | 0.23-a0-563-g409694ba0a
 35628 | Spider:1 | Reached skill level 10 in Dodging
 35936 | Spider:1 | Identified Roxanne's Tome of Clay
 35936 | Spider:1 | Noticed Roxanne
 35961 | Spider:1 | Killed Roxanne
 36692 | Spider:2 | Noticed Arachne
 36723 | Spider:2 | Killed Arachne
 36855 | Spider:2 | Got a crude hand crossbow
 36856 | Spider:2 | Identified the +6 hand crossbow of the Candle {venom, rC+++
                  | MR- Str+4 Stlth+} (You found it on level 2 of the Spider
                  | Nest)
 36917 | Spider:2 | Reached skill level 10 in Armour
 36951 | Spider:2 | Noticed Azrael
 36970 | Spider:2 | Killed Azrael
 37201 | Spider:2 | Gained mutation: You have razor-sharp toenails. [demonic
                  | ancestry]
 37201 | Spider:2 | Reached XP level 18. HP: 145/149 MP: 27/27
 37203 | Spider:2 | Lost mutation: Your muscles are strong. (Str +2) [potion of
                  | mutation]
 37203 | Spider:2 | Gained mutation: You occasionally shout uncontrollably at
                  | your foes. [potion of mutation]
 37203 | Spider:2 | Gained mutation: You are very agile. (Dex +4) [potion of
                  | mutation]
 37203 | Spider:2 | Gained mutation: You expend magic power (3 MP) to
                  | strengthen your wands. [potion of mutation]
 37204 | Spider:2 | Lost mutation: Your flesh is cold resistant. (rC+) [potion
                  | of mutation]
 37204 | Spider:2 | Lost mutation: You expend magic power (3 MP) to strengthen
                  | your wands. [potion of mutation]
 37204 | Spider:2 | Gained mutation: You are resistant to hostile enchantments.
                  | (MR+) [potion of mutation]
 37204 | Spider:2 | Gained mutation: Your spells are a little harder to cast,
                  | but a little more powerful. [potion of mutation]
 37278 | Spider:2 | Got a polished trident
 37279 | Spider:2 | Identified the +6 trident of Subterfuge {pierce, *Contam
                  | rPois rN++} (You found it on level 2 of the Spider Nest)
 37333 | Spider:2 | Lost mutation: Your spells are a little harder to cast, but
                  | a little more powerful. [mutagenic glow]
 37560 | Spider:3 | Noticed Kirke
 37590 | Spider:3 | Killed Kirke
 37925 | Spider:3 | Noticed Nikola
 38361 | Spider:3 | Killed Nikola
 39115 | Spider:4 | Entered Level 4 of the Spider Nest
 40829 | Spider:4 | Got a gossamer rune of Zot
 41069 | Swamp:1  | Entered Level 1 of the Swamp
 42498 | Swamp:2  | Gained mutation: You have claws for feet. [demonic
                  | ancestry]
 42498 | Swamp:2  | Reached XP level 19. HP: 127/155 MP: 22/28
 44330 | Swamp:4  | Entered Level 4 of the Swamp
 45183 | Swamp:4  | Noticed the 27-headed Lernaean hydra
 45192 | Swamp:4  | Killed the 27-headed Lernaean hydra
 45733 | Swamp:4  | Got a decaying rune of Zot
 46156 | Vaults:1 | Entered Level 1 of the Vaults
 46337 | Vaults:1 | Found Wibuinlu's Distillery.
 46347 | Vaults:1 | Bought a potion of heal wounds for 65 gold pieces
 46347 | Vaults:1 | Bought a potion of curing for 39 gold pieces
 46347 | Vaults:1 | Bought a potion of haste for 130 gold pieces
 46347 | Vaults:1 | Bought a potion of resistance for 130 gold pieces
 46347 | Vaults:1 | Bought a potion of might for 52 gold pieces
 46347 | Vaults:1 | Bought a potion of berserk rage for 65 gold pieces
 46486 | Vaults:1 | Reached skill level 1 in Short Blades
 47547 | Vaults:2 | Found a magical portal.
 47556 | WizLab   | Entered The Hall of the Hellbinder
 48210 | WizLab   | Found a burning altar of Makhleb.
 48217 | WizLab   | Noticed Astruenal
 48230 | WizLab   | Killed Astruenal the Hellbinder
 48544 | WizLab   | Identified the Volume of Slavery
 48613 | WizLab   | Got a faintly glowing cloak
 48619 | WizLab   | Identified the +1 cloak "Ubujec" {rC+} (You found it in a
                  | wizard's laboratory)
 48629 | WizLab   | Got an ichor-stained helmet
 48631 | WizLab   | Identified the +2 helmet of Kiafin {rN+ Int+2} (You found
                  | it in a wizard's laboratory)
 48826 | Vaults:2 | Reached XP level 20. HP: 162/162 MP: 30/30
 48953 | Vaults:2 | Noticed Mara
 48956 | Vaults:2 | Noticed SupremeSnack's illusion
 48967 | Vaults:2 | Killed Mara
 49491 | Vaults:2 | Found Lanta's Jewellery Shoppe.
 49519 | Vaults:2 | Bought a +3 ring of slaying for 765 gold pieces
 50078 | Vaults:3 | Reached skill level 15 in Stealth
 50960 | Vaults:3 | Found Ynweh's Gadget Shop.
 51477 | Vaults:3 | Found a staircase to the Crypt.
 51477 | Vaults:3 | Found a basalt altar of Yredelemnul.
 51478 | Vaults:3 | Found an ancient bone altar of Kikubaaqudgha.
 51688 | Vaults:4 | Reached skill level 5 in Short Blades
 52973 | Elf:1    | Entered Level 1 of the Elven Halls
 53081 | Elf:1    | Gained mutation: You are somewhat able to resist unholy
                  | torments (1 in 2 success). [demonic ancestry]
 53081 | Elf:1    | Reached XP level 21. HP: 165/168 MP: 31/31
 54217 | Elf:2    | Found a radiant altar of Vehumet.
 54249 | Elf:2    | Found Saxuxzaz's Distillery.
 54253 | Elf:2    | Found Uzxyled's Antique Armour Boutique.
 54319 | Elf:2    | Found a flickering gateway to a bazaar.
 54328 | Bazaar   | Entered a bazaar
 54328 | Bazaar   | Found Qyub's Distillery.
 54713 | Bazaar   | Found Viup's Armour Emporium.
 54743 | Bazaar   | Found Maisoz's Armour Shop.
 54782 | Bazaar   | Found Nemampun's Food Shoppe.
 54810 | Bazaar   | Bought a +2 pair of gloves of strength for 258 gold pieces
 54833 | Bazaar   | Bought a potion of resistance for 110 gold pieces
 54833 | Bazaar   | Bought a potion of curing for 33 gold pieces
 54833 | Bazaar   | Bought a potion of heal wounds for 55 gold pieces
 55114 | Elf:2    | Reached skill level 15 in Dodging
 55121 | Elf:2    | Found a runed door.
 55144 | Elf:2    | Found a runed door.
 56258 | Elf:3    | Entered Level 3 of the Elven Halls
 56338 | Elf:3    | Reached skill level 15 in Armour
 56833 | Elf:3    | Reached skill level 15 in Evocations
 57241 | Elf:3    | Identified the +9 rapier "Impbane" {flame, +Blink rC+++
                  | Str-5}
 57247 | Elf:3    | Identified the cursed ring of Qod Axol {Str-2 Int+3}
 57328 | Elf:3    | Identified the +1 great sword of Inflation {flame, Str+2
                  | Dex+2 SInv}
 57405 | Elf:3    | Identified the ring of Xom's Entertainment {rC- rN++ MP+9
                  | Int+3 SInv}
 57640 | Elf:3    | Identified the +7 plate armour "Soehite" {rElec rPois rCorr
                  | Dex-2}
 57885 | Elf:3    | Found the +8 storm bow {elec}
 57886 | Elf:3    | Found the +3 Elemental Staff {rElec rF++ rC++ MR++ AC+5}
 57886 | Elf:3    | Identified the Handbook of the Supportive Frostbite
 57907 | Elf:3    | Identified the Disquisition on Icy Poison
 57968 | Elf:3    | Identified the Incunabulum of Companions
 58252 | Elf:3    | Identified the +9 short sword of War {venom, rPois Str+9
                  | Int-5}
 58284 | Elf:3    | Found a runed gate.
 58286 | Elf:3    | Found a runed gate.
 58286 | Elf:3    | Found Ezopsuikh's Assorted Antiques.
 58287 | Elf:3    | Found a runed gate.
 58289 | Elf:3    | Found an opulent altar of Gozag.
 58289 | Elf:3    | Noticed temitten's ghost (veteran NaFi)
 58352 | Elf:3    | Killed temitten's ghost
 59064 | Elf:3    | Found Qujukh's Antique Armour Emporium.
 59483 | Elf:2    | Bought a pair of crude gloves for 304 gold pieces
 59494 | Elf:2    | Identified the +0 pair of gloves "Ynuawko" {rElec MR+
                  | Dex+6} (You bought it in a shop on level 2 of the Elven
                  | Halls)
 59910 | Vaults:5 | Entered Level 5 of the Vaults
 59954 | Vaults:5 | Gained mutation: Your melee attacks may debilitate your
                  | foes. [demonic ancestry]
 59954 | Vaults:5 | Reached XP level 22. HP: 139/176 MP: 31/33
 60551 | Vaults:5 | Got a silver rune of Zot
 60683 | Vaults:5 | Identified the +6 war axe of Vengeance {freeze, Str-2
                  | Int+6}
 60732 | Vaults:5 | Identified the ring "Wuloedoh" {MP-9 Str+2 SInv Stlth-}
 60910 | Vaults:5 | Noticed a golden dragon
 60932 | Vaults:4 | Killed a golden dragon
 61490 | Vaults:5 | Identified the +7 dagger of Otzah {flame, *Noise +Rage +Inv
                  | Dex+8}
 61490 | Vaults:5 | Identified the +4 chain mail "Rivofoa" {rPois rF+ Str+4}
 61815 | Vaults:5 | Identified the +1 leather armour of the True Pharaoh {MP+9}
 62077 | Vaults:5 | Gained mutation: When low on magic, you restore magic in
                  | place of health. [demonic ancestry]
 62077 | Vaults:5 | Reached XP level 23. HP: 170/185 MP: 34/34
 62110 | Vaults:5 | Noticed an ancient lich
 62130 | Vaults:5 | Killed an ancient lich
 62146 | Vaults:5 | Noticed Margery
 62164 | Vaults:5 | Killed Margery
 62812 | Vaults:5 | Found the +3 giant club "Skullcrusher" {speed, Str+7}
 63716 | Vaults:2 | Bought an uncursed amulet of regeneration for 510 gold
                  | pieces
 64640 | Depths:2 | Found Kamma's Antique Weapon Shoppe.
 64647 | Depths:2 | Found Sesmap's Antique Armour Shop.
 64655 | Depths:2 | Bought a smoking cloak for 294 gold pieces
 64666 | Depths:2 | Identified the cursed +0 cloak of Tender Moments {-Cast
                  | Regen+ SInv} (You bought it in a shop on level 2 of the
                  | Depths)
 65304 | Depths:3 | Noticed a juggernaut
 65333 | Depths:3 | Paralysed by a floating eye for 3 turns
 65341 | Depths:3 | Killed a juggernaut
 65344 | Depths:3 | Paralysed by a floating eye for 3 turns
 65623 | Depths:3 | Paralysed by a floating eye for 2 turns
 65873 | Depths:3 | Found the +8 glaive of the Guard {elec, +Rage AC+5 SInv}
 65910 | Depths:3 | Identified the +2 spear of Getuatuu {distort, Dex+3} (You
                  | found it on level 3 of the Depths)
 66046 | Depths:3 | Found a gateway to a ziggurat.
 66062 | Depths:3 | Cast into level 3 of the Abyss (hell knight)
 66164 | Depths:3 | Escaped the Abyss
 66265 | Depths:3 | Reached XP level 24. HP: 164/197 MP: 34/34
 66385 | Depths:3 | Reached skill level 1 in Bows
 67847 | Depths:4 | Paralysed by a floating eye for 4 turns
 67854 | Depths:4 | Paralysed by a floating eye for 4 turns
 67891 | Depths:4 | Identified the Collected Works on Transmigration and Black
                  | Rituals
 67901 | Depths:4 | Gained mutation: Your demonic aura causes spilled blood to
                  | erupt in flames. [demonic ancestry]
 67901 | Depths:4 | Reached XP level 25. HP: 131/204 MP: 32/34
 68060 | Depths:4 | Found a one-way gate to the infinite horrors of the Abyss.
 68071 | Depths:4 | Voluntarily entered the Abyss.
 68073 | Abyss:1  | Found a corrupted altar of Lugonu.
 68437 | Abyss:1  | Identified the cursed +2 whip "Sefyn" {drain, rPois} (You
                  | found it on level 1 of the Abyss)
 68921 | Abyss:1  | Paralysed by accursed screaming for 1 turns
 68935 | Abyss:1  | Reached skill level 10 in Shields
 69208 | Abyss:3  | Gained mutation: Your body often deteriorates upon taking
                  | damage. [a neqoxec]
 69221 | Abyss:3  | Gained mutation: You are frail. (-10% HP) [a cacodemon]
 69288 | Abyss:3  | Found a bloodstained altar of Trog.
 69307 | Abyss:3  | Lost mutation: You are frail. (-10% HP) [potion of
                  | mutation]
 69307 | Abyss:3  | Lost mutation: You are resistant to hostile enchantments.
                  | (MR+) [potion of mutation]
 69307 | Abyss:3  | Lost mutation: You are very agile. (Dex +4) [potion of
                  | mutation]
 69307 | Abyss:3  | Gained mutation: Your magical capacity is low. (-10% MP)
                  | [potion of mutation]
 69307 | Abyss:3  | Gained mutation: You expend magic power (3 MP) to
                  | strengthen your wands. [potion of mutation]
 69383 | Abyss:3  | Found a corrupted altar of Lugonu.
 69643 | Abyss:3  | Gained mutation: You are completely covered in molten
                  | scales. (AC +4, rF+) [demonic ancestry]
 69643 | Abyss:3  | Reached XP level 26. HP: 211/211 MP: 30/30
 70114 | Abyss:3  | Found an iron altar of Okawaru.
 70334 | Abyss:3  | Found a corrupted altar of Lugonu.
 70617 | Abyss:3  | Found a corrupted altar of Lugonu.
 70930 | Depths:4 | Escaped the Abyss
 71566 | Depths:4 | Upgraded the game from 0.23-a0-563-g409694ba0a to
                  | 0.23-a0-577-g2b1de944cd
 71664 | Depths:5 | Entered Level 5 of the Depths
 71679 | Depths:5 | Found a gate to the Realm of Zot.
 72258 | Depths:5 | Found Bopracwa's Jewellery Shoppe.
 72261 | Depths:5 | Found Feero's Jewellery Boutique.
 72278 | Depths:5 | Found Kytan's Jewellery Boutique.
 72279 | Depths:5 | Found Aperhiem's Gadget Shoppe.
 72292 | Depths:5 | Bought the ring "Osuiridgh" {rElec rPois rC+ MR+++ Int-2}
                  | for 1008 gold pieces
 72320 | Depths:5 | Bought the amulet of Riulilal {+Fly Regen+ Slay+3} for 827
                  | gold pieces
 72379 | Depths:5 | Found Ucwol's Antique Armour Boutique.
 72382 | Depths:5 | Found Ganeest's General Store.
 72391 | Depths:5 | Bought a transparent cloak for 266 gold pieces
 72402 | Depths:5 | Identified the +0 cloak "Bemmix" {-Cast rPois rCorr Int-5}
                  | (You bought it in a shop on level 5 of the Depths)
 72419 | Depths:5 | Noticed a juggernaut
 72438 | Depths:5 | Killed a juggernaut
 72441 | Depths:5 | Reached XP level 27. HP: 182/217 MP: 28/30
 72571 | Depths:5 | Found the +2 shield of Resistance {rF+ rC+ MR+}
 72581 | Depths:5 | Found Farefoc's Gadget Shop.
 72668 | Depths:3 | Noticed a juggernaut
 72675 | Depths:3 | Killed a juggernaut
 73563 | Zot:1    | Entered Level 1 of the Realm of Zot
 73639 | Zot:1    | Noticed an orb of fire
 73650 | Zot:1    | Lost mutation: Your magical capacity is low. (-10% MP) [an
                  | orb of fire]
 73659 | Zot:1    | Gained mutation: Scrolls take you a little longer to read.
                  | [an orb of fire]
 73660 | Zot:1    | Killed an orb of fire
 73865 | Zot:1    | Reached skill level 15 in Shields
 74293 | Zot:1    | Noticed an orb of fire
 74295 | Zot:1    | Gained mutation: Scrolls take you longer to read. [an orb
                  | of fire]
 74297 | Zot:1    | Gained mutation: You are dopey. (Int -2) [an orb of fire]
 74314 | Zot:1    | Gained mutation: Your body often deteriorates upon taking
                  | damage. [an orb of fire]
 74318 | Zot:1    | Killed an orb of fire
 75002 | Zot:2    | Found a transporter.
 75013 | Zot:2    | Noticed an orb of fire
 75015 | Zot:2    | Noticed Nymidgh's ghost (legendary SpEn)
 75015 | Zot:2    | Found a transporter.
 75015 | Zot:2    | Identified the ring "Nom Jayh" {rC+ Int+2 SInv}
 76097 | Zot:3    | Identified the +1 chain mail of Baklenikk {+Inv Slay+5}
                  | (You found it on level 3 of the Realm of Zot)
 77243 | Depths:4 | Voluntarily entered the Abyss.
 77305 | Depths:4 | Escaped the Abyss
 77527 | Depths:4 | Voluntarily entered the Abyss.
 77553 | Abyss:1  | Noticed a juggernaut
 77565 | Abyss:1  | Killed a juggernaut
 77697 | Depths:4 | Escaped the Abyss
 77699 | Depths:4 | Voluntarily entered the Abyss.
 77805 | Abyss:1  | Found a corrupted altar of Lugonu.
 77968 | Abyss:1  | Found a corrupted altar of Lugonu.
 77975 | Abyss:1  | Paralysed by accursed screaming for 1 turns
 77988 | Abyss:1  | Paralysed by accursed screaming for 2 turns
 78003 | Abyss:1  | Paralysed by accursed screaming for 2 turns
 78022 | Abyss:1  | Paralysed by accursed screaming for 1 turns
 78091 | Abyss:1  | Got a wavering ivory amulet
 78128 | Depths:4 | Escaped the Abyss
 78251 | Depths:4 | Identified the amulet "Baos" {RegenMP MR+} (You found it on
                  | level 1 of the Abyss)
 78261 | Depths:4 | Voluntarily entered the Abyss.
 78322 | Abyss:1  | Found a burning altar of Makhleb.
 78406 | Abyss:1  | Found a burning altar of Makhleb.
 78480 | Abyss:1  | Found a runed door.
 78506 | Abyss:1  | Found a runed door.
 78991 | Abyss:1  | Noticed an ancient lich
 79004 | Abyss:1  | Killed an ancient lich
 79374 | Abyss:1  | Found a hide-covered altar of Uskayaw.
 79510 | Abyss:1  | Found a bloodstained altar of Trog.
 79558 | Abyss:1  | Found a shattered altar of Ashenzari.
 79796 | Abyss:1  | Noticed an ancient lich
 79817 | Abyss:1  | Killed an ancient lich
 79929 | Abyss:1  | Found a corrupted altar of Lugonu.
 80175 | Abyss:1  | Gained mutation: You tend to lose your temper in combat. [a
                  | neqoxec]
 80624 | Abyss:1  | Noticed an ancient lich
 80641 | Abyss:1  | Killed an ancient lich
 80648 | Abyss:1  | Identified the cursed +2 war axe of Dankeugu {speed, rC+
                  | Int+4} (You found it on level 1 of the Abyss)
 81038 | Depths:4 | Escaped the Abyss
 81093 | Hell     | Entered the Vestibule of Hell
 81093 | Hell     | Noticed Geryon
 81095 | Hell     | Lost mutation: You are agile. (Dex +2) [a cacodemon]
 81275 | Hell     | Found a gateway to the Iron City of Dis.
 81316 | Hell     | Cast into level 2 of the Abyss (hell knight)
 82010 | Hell     | Escaped the Abyss
 82399 | Hell     | Found a gateway to the decaying netherworld of Tartarus.
 82432 | Hell     | Found a gateway to the ashen valley of Gehenna.
 82600 | Hell     | Killed Geryon
 82634 | Hell     | Found a gateway to the freezing wastes of Cocytus.
 83221 | Crypt:1  | Entered Level 1 of the Crypt
 84700 | Crypt:3  | Entered Level 3 of the Crypt
 84740 | Crypt:3  | Cast into level 3 of the Abyss (reaper)
 85162 | Crypt:3  | Escaped the Abyss
 85227 | Crypt:3  | Noticed Sojobo
 85266 | Crypt:3  | Killed Sojobo
 85628 | Crypt:3  | Found a basalt altar of Yredelemnul.
 85984 | Crypt:3  | Got a wavering silver ring
 85984 | Crypt:3  | Got a fine jade ring
 86020 | Crypt:3  | Identified the ring "Ucutz" {*Contam +Fly rElec rN+ Int+9}
                  | (You found it on level 3 of the Crypt)
 86022 | Crypt:3  | Identified the ring "Enkamuel" {*Drain rC++ rN+ Int+5} (You
                  | found it on level 3 of the Crypt)
 86029 | Crypt:3  | Lost mutation: You occasionally shout uncontrollably at
                  | your foes. [potion of mutation]
 86029 | Crypt:3  | Lost mutation: Your body often deteriorates upon taking
                  | damage. [potion of mutation]
 86029 | Crypt:3  | Lost mutation: You are dopey. (Int -2) [potion of mutation]
 86029 | Crypt:3  | Gained mutation: You have a pair of small horns on your
                  | head. [potion of mutation]
 86278 | Crypt:3  | Reached skill level 27 in Stealth
 86552 | Crypt:3  | Found a staircase to the Tomb.
 86714 | Tomb:1   | Entered Level 1 of the Tomb of the Ancients
 87079 | Tomb:1   | Noticed a greater mummy
 87095 | Tomb:1   | Killed a greater mummy
 87095 | Tomb:1   | Noticed a greater mummy
 87348 | Tomb:1   | Killed a greater mummy
 88544 | Tar:1    | Entered Level 1 of Tartarus
 88676 | Coc:1    | Entered Level 1 of Cocytus
 90494 | Geh:1    | Entered Level 1 of Gehenna
 90741 | Pan      | Entered Pandemonium
 90935 | Pan      | Noticed Misa the pandemonium lord
 91316 | Pan      | Identified the +5 rapier of Broken Luck {flame, -Tele
                  | *Drain rF++ Int+4 Stlth+} (You acquired it in Pandemonium)
 91361 | Pan      | Killed Misa the pandemonium lord
 91391 | Pan      | Got a demonic rune of Zot
 91616 | Pan      | Noticed Fenut the pandemonium lord
 91660 | Pan      | Gained mutation: You are frail. (-10% HP) [a cacodemon]
 91682 | Pan      | Lost mutation: You tend to lose your temper in combat. [a
                  | cacodemon]
 91684 | Pan      | Gained mutation: Your magical capacity is low. (-10% MP) [a
                  | cacodemon]
 91873 | Pan      | HP: 4/195 [Fenut the pandemonium lord/chain lightning (6)]
 91873 | Pan      | HP: 1/195 [Fenut the pandemonium lord/chain lightning (3)]
 91882 | Pan      | Found a runed door.
 91909 | Pan      | Reached skill level 27 in Armour
 92368 | Pan      | Found a runed door.
 92380 | Pan      | Found a runed door.
 92400 | Pan      | Found a runed door.
 92424 | Pan      | Found a runed door.
 92948 | Pan      | Noticed Uppanuamm the pandemonium lord
 92959 | Pan      | Paralysed by a floating eye for 2 turns
 92963 | Pan      | Paralysed by a floating eye for 3 turns
 92971 | Pan      | Paralysed by a floating eye for 4 turns
 93007 | Pan      | Paralysed by a floating eye for 2 turns
 93014 | Pan      | Killed Uppanuamm the pandemonium lord
 93502 | Depths:4 | Escaped Pandemonium
 93504 | Pan      | Entered Pandemonium
 93665 | Pan      | Reached skill level 10 in Invocations
 93920 | Pan      | Found a white marble altar of Elyvilon.
 94605 | Pan      | Identified the +5 hand crossbow "Puhodudd" {velocity, +Inv
                  | Int+2}
 95014 | Pan      | Noticed a seraph
 95197 | Pan      | Identified the +0 large shield of Syndicalism {Slay+4}
 95454 | Pan      | Identified the cursed +1 scale mail of Wiocypix {Slay+3}
 95809 | Pan      | Found a glowing silver altar of Zin.
 95920 | Pan      | Identified the +7 hunting sling of Propriety {speed, rC-
                  | Str-4 Int+9 Stlth+}
 96399 | Pan      | Identified the +1 chain mail of Lifelessness {Str+2}
 96511 | Pan      | Found a glowing golden altar of the Shining One.
 96520 | Pan      | Killed a seraph
 97426 | Depths:4 | Escaped Pandemonium
 97531 | Pan      | Entered the realm of Gloorx Vloq.
 97531 | Pan      | Entered Pandemonium
 97573 | Pan      | Slain by a lorocyproca

Vault maps used:
D:1:      roderic_crop_circles_arrival_small
D:2:      nicolae_ru_the_path_less_chosen, chequers_serial_rivers_room_a,
          uniq_jessica
D:3:      gammafunk_temple_overflow_statue, ebering_ghost_gozag
D:4:      lemuel_upstairs_altar, nicolae_tso_besieged_by_evil, tgw_trog,
          grunt_temple_overflow_open, minmay_temple_entry_nine_rooms,
          uniq_crazy_yiuf_cottage
D:5:      zin_angel, okawaru_metal_pillars_3, first_ration
D:6:      overflow_temple_1_default, serial_shops, kennysheep_mini,
          trog_three_pillars_becter, uniq_duvessa
D:7:      black_bear_nest_1, cheibrodos_ashenzari_chains,
          eat_drink_and_be_merry_uskayaw
D:8:      kennysheep_little_box, basic_altar, serial_ice, serial_ice_e,
          serial_ice_k, serial_ice_g, serial_ice_h, biasface_ghost_orc_armoury,
          chequers_serial_rivers_large_a, david_nohive_1, trog_hazing_becter
D:9:      gammafunk_beogh_shrine, billiards_dpeg
D:10:     serial_shops, nicolae_shop_crystal, enter_bailey_3,
          nicolae_qazlal_general_emergency
D:11:     david_lair_shrubbed, erik_orc_4
D:13:     david_vaults_2, basic_altar, minmay_misc_feat_rugged
D:14:     minmay_holes
D:15:     gammafunk_enter_depths_forms, fedhas_altar_3, uniq_agnes
Lair:1:   serial_rivers, chequers_serial_rivers_small_a,
          chequers_serial_rivers_small_3, chequers_serial_rivers_room_b,
          chequers_serial_rivers_small_b, chequers_serial_rivers_small_3,
          serial_bayou_lake_a, uniq_grum
Lair:2:   fungi_pond_lemuel, grunt_megastairs_3
Lair:3:   spider_nest_entry_web_field, special_room, lemuel_fruit_tree
Lair:4:   skrybe_swamp_entry_bodies, portal_ice_cave_entry_ice_beasts,
          uniq_nessos, uniq_rupert, uniq_urug
Lair:5:   dpeg_slime_entry_enclosed_altar
Lair:6:   cheibrodos_lair_end_hotspot, ebering_ghost_disaster_area, uniq_sonja
Swamp:1:  nicolae_swamp_orc_logging_accident, swamp_pool5, st_swamp_ruins_4
Swamp:2:  nicolae_swamp_feature_on_the_river_bank, swamp_pool2,
          infiniplex_staircase_pool
Swamp:3:  hangedman_swamp_cone, swamp_pool5
Swamp:4:  grunt_swamp_rune_castle
Spider:1: nicolae_spider_webbed_stairs, uniq_roxanne, uniq_asterion
Spider:2: uniq_arachne, uniq_azrael
Spider:3: spider_trap, uniq_nikola, uniq_kirke
Spider:4: grunt_spider_rune_circles, hangedman_stitches_earthworm
Orc:2:    st_orc_mages
Elf:1:    kennysheep_spiral_hall, kennysheep_underground_church
Elf:2:    basic_altar, serial_shops, bzr_firewalk, shop, shop, abandoned_shop
Elf:3:    grunt_elf_hall_spiral, ebering_ghost_gozag, serial_shops,
          nicolae_shop_behind_doors, minmay_curled_crystal
Vaults:1: vaults_dpeg_encased_lava, grunt_vaults_focal, v_misc_22,
          nicolae_vaults_network_quinsquares, hangedman_vaults_unwind,
          vaults_dpeg_ring, hangedman_vaults_corner_blocks,
          ontoclasm_vaults_pinch, v_misc_3, v_rooms_4,
          ontoclasm_vaults_claustrophobia, nicolae_vaults_alarming, v_rooms_6,
          serial_shops, nicolae_shop_statue_plus
Vaults:2: vaults_room_octagon, st_diamondy, nicolae_vaults_little_squares_3,
          vaults_room_corners, v_pattern_5, vaults_room_hallway,
          ontoclasm_vaults_twist, ontoclasm_vaults_loading_screen,
          hangedman_vaults_snaps, v_misc_33, mu_enter_wizlab_3, serial_shops,
          nicolae_shop_behind_doors, uniq_mara
Vaults:3: ontoclasm_vaults_shuriken, minmay_crypt_entry_necro_gods,
          nicolae_vaults_circle_grid_b, v_misc_14, vaults_dpeg_spiral,
          vaults_mumra_minichess, ontoclasm_vaults_eye,
          grunt_vaults_hallway_long, stair_cage_open, serial_shops, shop
Vaults:4: v_misc_28, vaults_room_octagon, v_rooms_6, vaults_room_semicircle,
          grunt_vaults_twisty, v_misc_30, v_misc_23, v_alt_pattern_1
Vaults:5: serial_shops, uniq_margery
Crypt:2:  minmay_misc_feat_cross
Crypt:3:  church_of_pain_bobbens, tomb_entry_sphere_bobbens, uniq_sojobo
Depths:1: gammafunk_its_a_trap, pf_vacation_house_of_asmodeus,
          minmay_hedge_maze, rand_demon_pan_entry_3, patterned_corridor
Depths:2: minmay_the_grid_square_5x5_4x4, serial_shops, shop,
          nicolae_shop_overgrown_old_shop, shop, hangedman_decor_riveting,
          grunt_hell_horde
Depths:3: minmay_dotted_concentric_squares, enter_ziggurat_c, hell_entry,
          rand_demon_pan_entry_8, ice2_lemuel, minmay_staircase_bubble
Depths:4: lemuel_river_lethe, abyss_entry, pan_entry, hell_entry
Depths:5: grunt_crosshair, hell_entry, serial_shops, nicolae_shop_trees, shop,
          nicolae_shop_crystal, shop, chequers_serial_rivers_small_b,
          serial_bayou_shore_b, minmay_shop_grove, basic_stair_grate_trap
Geh:1:    gehenna_fire_generator
Zot:1:    grunt_ministairs_4, grunt_megastairs_5
Zot:2:    grunt_zot_stairs_overgrown, gammafunk_ghost_arena,
          hangedman_zot_diagonal_lockstep
Abyss:1:  evilmike_abyss_exit_15, evilmike_abyss_exit_17
Abyss:3:  evilmike_abyss_exit_kraken, evilmike_abyss_exit_mutagenic,
          nicolae_abyss_rune_left_handed, serial_sigils_hangedman_gut
Abyss:4:  evilmike_abyss_exit_glass, doesnt_abyss_rune_brain_food
Pan:      grunt_pan_frozen_over, pan_blood_fountain_small,
          regret_index_pan_draining_boxed, pan_blood_fountain_2,
          pan_blood_fountain, rand_demon_7, nicolae_pan_gloorx_vloqian_4,
          evilmike_holy_pan, gloorx_vloq_grunt, pan_blood_fountain_small
Bazaar:   bazaar_kb_twisted_cavern
Bailey:   bailey_polearm_1, bailey
IceCv:    ice_cave_caverns_02
WizLab:   wizlab_demon

Skill      XL: |  1  2  3  4  5  6  7  8  9 10 11 12 13 14 15 16 17 18 19 20 21 22 23 24 25 26 27 |
---------------+----------------------------------------------------------------------------------+-----
Fighting       | 3 4 5 6 7 14 15 16 18 19 | 19.0
Evocations     | 2 4 6 7 9 10 11 12 13 14 15 | 15.2
Long Blades    | 5 9 10 12 14 16 18 19 | 19.0
Stealth        | 5 8 10 11 12 13 14 15 16 18 20 21 27 | 27.0
Invocations    | 5 6 7 12 | 12.3
Shields        | 5 8 10 13 16 | 16.9
Armour         | 4 8 10 11 13 14 15 16 17 27 | 27.0
Dodging        | 5 8 10 12 13 14 15 16 17 18 | 18.5
Spellcasting   | 1 4 5 7 |  7.1
Short Blades   | 2 5 6 |  6.0
Bows           | 2 |  2.0
Throwing       | |  1.7

Action                   |  1- 3 |  4- 6 |  7- 9 | 10-12 | 13-15 | 16-18 | 19-21 | 22-24 | 25-27 || total
-------------------------+-------+-------+-------+-------+-------+-------+-------+-------+-------++-------
Melee: Long sword        |   100 |   222 |   206 |       |       |       |       |       |       ||   528
       Falchion          |       |       |   238 |    40 |       |       |       |       |       ||   278
       Double sword      |       |       |       |   642 |  1354 |  1656 |  1608 |  1368 |  5841 || 12469
       Dagger            |       |       |       |       |     8 |       |       |       |       ||     8
       Peck              |       |       |       |       |   287 |   560 |   602 |   622 |  1985 ||  4056
       Rapier            |       |       |       |       |       |    39 |   177 |       |       ||   216
       Kick              |       |       |       |       |       |       |   972 |   953 |  3189 ||  5114
       Headbutt          |       |       |       |       |       |       |       |       |   612 ||   612
Throw: Throwing net      |       |     5 |       |       |       |       |       |       |       ||     5
 Abil: Evoke Invisibilit |       |       |     3 |    10 |     2 |     3 |       |       |       ||    18
       Evoke Flight      |       |       |       |     3 |       |       |       |       |    13 ||    16
Evoke: Wand              |       |       |     3 |    39 |    31 |    12 |     4 |     1 |     7 ||    97
       Lamp of fire      |       |       |       |       |       |     1 |       |       |       ||     1
       Horn of Geryon    |       |       |       |       |       |       |       |       |     1 ||     1
  Use: Scroll            |     5 |     2 |       |     7 |    18 |    16 |    20 |     9 |    30 ||   107
       Potion            |       |     4 |     1 |       |     5 |     8 |    12 |     6 |    17 ||    53
 Stab: Sleeping          |     1 |       |       |     4 |    38 |     6 |       |       |    16 ||    65
       Held in net/web   |       |     4 |       |       |       |       |       |       |       ||     4
       Invisible         |       |       |    11 |    28 |     9 |     4 |     8 |       |     8 ||    68
       Paralysed         |       |       |    18 |     7 |       |       |       |       |       ||    25
       Confused          |       |       |     2 |       |       |     1 |       |       |       ||     3
       Distracted        |       |       |       |       |     5 |     1 |     2 |     4 |    24 ||    36
  Eat: Chunk             |     2 |     5 |    14 |    22 |    31 |    29 |    33 |    15 |    20 ||   171
       Ration            |       |     1 |       |     2 |     5 |     5 |     9 |     2 |    26 ||    50
Armor: Ring mail         |    37 |    96 |   291 |   244 |       |       |       |       |       ||   668
       Leather armour    |     2 |       |       |       |       |       |       |       |       ||     2
       Skin              |       |    18 |       |       |       |       |       |       |       ||    18
       Troll leather arm |       |       |       |   138 |   239 |       |       |       |       ||   377
       Scale mail        |       |       |       |       |   268 |   256 |       |       |       ||   524
       Crystal plate arm |       |       |       |       |    14 |   889 |   851 |   318 |  2231 ||  4303
       Plate armour      |       |       |       |       |       |       |    29 |   180 |       ||   209
Dodge: Dodged            |    74 |   165 |   397 |   572 |  1024 |  1366 |  1250 |  1208 |  3899 ||  9955
Block: Buckler           |       |       |       |       |    11 |   628 |   494 |   463 |   402 ||  1998
       Reflection        |       |       |       |       |     1 |    11 |    26 |    30 |     9 ||    77
       Shield            |       |       |       |       |       |       |       |       |  3482 ||  3482
       Rpst.: Long sword |    21 |    44 |    51 |       |       |       |       |       |       ||   116
       Falchion          |       |       |    60 |    11 |       |       |       |       |       ||    71
       Double sword      |       |       |       |   124 |   242 |   240 |   249 |   207 |   714 ||  1776

Table legend:
 A = Non-vault XP
 B = Vault XP
 C = Vault XP percentage of total XP
 D = Non-vault monster count
 E = Vault monster count
 F = Vault count percentage of total count
                 A         B        C        D         E       F
            +---------+---------+-------+---------+---------+-------
      Total | 1652586 |  942260 |  36.3 |    2832 |    1220 |  30.1
            +---------+---------+-------+---------+---------+-------
        D:1 |      28 |       0 |   0.0 |      15 |       0 |   0.0
        D:2 |      36 |      37 |  50.7 |      13 |       1 |   7.1
        D:3 |     109 |       0 |   0.0 |      16 |       0 |   0.0
        D:4 |     493 |     114 |  18.8 |      33 |      17 |  34.0
        D:5 |     578 |       0 |   0.0 |      19 |       0 |   0.0
        D:6 |     559 |     199 |  26.3 |      15 |       2 |  11.8
        D:7 |     992 |     450 |  31.2 |      23 |       8 |  25.8
        D:8 |    2538 |    2905 |  53.4 |      36 |      33 |  47.8
        D:9 |    2268 |     734 |  24.5 |      37 |      15 |  28.8
       D:10 |    3392 |       8 |   0.2 |      36 |       4 |  10.0
       D:11 |    4084 |     972 |  19.2 |      33 |      19 |  36.5
       D:12 |    4831 |       0 |   0.0 |      23 |       0 |   0.0
       D:13 |    6219 |    2791 |  31.0 |      23 |       3 |  11.5
       D:14 |   10999 |       0 |   0.0 |      45 |       0 |   0.0
       D:15 |   15135 |    6263 |  29.3 |      54 |      10 |  15.6
     Lair:1 |    2068 |     432 |  17.3 |      12 |       3 |  20.0
     Lair:2 |    5989 |     387 |   6.1 |      25 |       1 |   3.8
     Lair:3 |    2669 |    1467 |  35.5 |      16 |      20 |  55.6
     Lair:4 |    7359 |    6185 |  45.7 |      20 |      12 |  37.5
     Lair:5 |   10946 |       0 |   0.0 |      37 |       0 |   0.0
     Lair:6 |   10204 |    9435 |  48.0 |      33 |      30 |  47.6
    Swamp:1 |   10416 |    7038 |  40.3 |      33 |      14 |  29.8
    Swamp:2 |   11867 |       0 |   0.0 |      23 |       0 |   0.0
    Swamp:3 |    8032 |     254 |   3.1 |      21 |       2 |   8.7
    Swamp:4 |   10842 |   20353 |  65.2 |      27 |      33 |  55.0
   Spider:1 |   19093 |    4143 |  17.8 |      55 |       2 |   3.5
   Spider:2 |   15986 |    6279 |  28.2 |      50 |      12 |  19.4
   Spider:3 |   11390 |    6564 |  36.6 |      36 |       5 |  12.2
   Spider:4 |   15887 |   27014 |  63.0 |      49 |      52 |  51.5
      Orc:1 |    3959 |    1853 |  31.9 |      43 |       9 |  17.3
      Orc:2 |    3126 |    3886 |  55.4 |      31 |      32 |  50.8
      Elf:1 |   12566 |    6009 |  32.3 |      21 |      10 |  32.3
      Elf:2 |   13447 |   32635 |  70.8 |      21 |      36 |  63.2
      Elf:3 |   20890 |   36478 |  63.6 |      38 |      27 |  41.5
   Vaults:1 |   12586 |    9297 |  42.5 |      41 |      13 |  24.1
   Vaults:2 |   24486 |   24394 |  49.9 |      50 |      26 |  34.2
   Vaults:3 |   37316 |    5100 |  12.0 |      71 |       8 |  10.1
   Vaults:4 |   16372 |   13384 |  45.0 |      26 |      18 |  40.9
   Vaults:5 |   40214 |  149107 |  78.8 |      52 |      99 |  65.6
    Crypt:1 |   23662 |       0 |   0.0 |      34 |       0 |   0.0
    Crypt:2 |   50124 |       0 |   0.0 |      62 |       0 |   0.0
    Crypt:3 |   27944 |   74333 |  72.7 |      41 |      86 |  67.7
     Tomb:1 |   13926 |   43903 |  75.9 |      27 |      33 |  55.0
   Depths:1 |   60122 |   11187 |  15.7 |      80 |      17 |  17.5
   Depths:2 |   27748 |   39746 |  58.9 |      37 |      49 |  57.0
   Depths:3 |   32128 |   36053 |  52.9 |      36 |      33 |  47.8
   Depths:4 |    1351 |   67918 |  98.0 |       1 |     113 |  99.1
   Depths:5 |   78324 |   28789 |  26.9 |      63 |      16 |  20.3
       Hell |   25338 |   33762 |  57.1 |      33 |      52 |  61.2
      Geh:1 |   14695 |       0 |   0.0 |      34 |       0 |   0.0
      Coc:1 |   91953 |       0 |   0.0 |      97 |       0 |   0.0
      Tar:1 |    2016 |       0 |   0.0 |      12 |       0 |   0.0
      Zot:1 |   93128 |   20562 |  18.1 |      61 |       9 |  12.9
      Zot:2 |   52755 |     520 |   1.0 |      37 |       1 |   2.6
      Zot:3 |   81534 |       0 |   0.0 |      55 |       0 |   0.0
    Abyss:1 |  248415 |   25559 |   9.3 |     388 |      21 |   5.1
    Abyss:2 |   32017 |       0 |   0.0 |      63 |       0 |   0.0
    Abyss:3 |  128087 |    8537 |   6.2 |     230 |      23 |   9.1
    Abyss:4 |   16448 |       0 |   0.0 |      23 |       0 |   0.0
        Pan |  170900 |  131545 |  43.5 |     166 |      88 |  34.6
     Bailey |       0 |    2303 | 100.0 |       0 |      22 | 100.0
      IceCv |       0 |   12704 | 100.0 |       0 |      52 | 100.0
     WizLab |       0 |   18672 | 100.0 |       0 |      29 | 100.0
            +---------+---------+-------+---------+---------+-------
